 Dungeon Crawl Stone Soup version 0.20.1-1-g8b1a95d (webtiles) character file.

727843 Romulous the Minotaur Barricade (level 27, -21/273 HPs)
             Began as a Minotaur Fighter on Nov 17, 2017.
             Was the Champion of Okawaru.
             Killed from afar by an orb of fire (39 damage)
             ... with a bolt of fire
             ... on level 5 of the Realm of Zot on Nov 20, 2017.
             The game lasted 09:42:25 (90072 turns).

Romulous the Minotaur Barricade (Minotaur Fighter) Turns: 90072, Time: 09:42:25

Health: -21/273    AC: 54    Str: 41 (43) XL:     27
Magic:  33/33      EV: 26    Int:  8      God:    Okawaru [******]
Gold:   5049       SH: 26    Dex: 25      Spells: 27/27 levels left

rFire    + . .     SeeInvis +   d - +10 broad axe of Rewoy {chop, Int+3}
rCold    + + .     Gourm    .   P - +4 shield of the Forest {rC- rN+ Str+3}
rNeg     + . .     Faith    +   W - +7 crystal plate armour
rPois    +         Spirit   .   a - +0 hat "Ginoelee" {rCorr Str+6 Int+2 Stlth-}
rElec    +         Reflect  .   u - +0 cloak of Qazlal's Condemnation {MR++ Int-5 Dex+3 SInv}
rCorr    +         Harm     .   z - +2 pair of gloves "Doullula" {Dex+8}
MR       +++++     NoCast   +   f - +2 pair of boots of Marbles {-Cast Str+3 SInv}
Stlth    ..........             q - amulet of faith
Regen    0.6/turn               Q - ring "Pigasapp" {rC++ MR+ AC+1 Dex+2}
MPRegen  0.3/turn               c - +5 ring of protection

@: about to teleport, resistant
A: retaliatory headbutt, horns 2, talons 1, clever 1, deterioration 1, high mp 1
}: 4/15 runes: decaying, serpentine, slimy, silver
a: Heroism, Finesse, Renounce Religion


You were on level 5 of the Realm of Zot.
You worshipped Okawaru.
Okawaru was exalted by your worship.
You were not hungry.

You visited 12 branches of the dungeon, and saw 58 of its levels.
You visited the Abyss 1 time.
You also visited: Ossuary and Wizlab.

You collected 8674 gold pieces.
You spent 3625 gold pieces at shops.

Inventory:

Hand Weapons
 d - the +10 broad axe of Rewoy (weapon) {chop, Int+3}
   (Okawaru gifted it to you on level 3 of the Snake Pit)

   It inflicts extra damage upon your enemies.
   It affects your intelligence (+3).
 i - a +4 eudemon blade of holy wrath
 S - the +11 battleaxe of Kuifod {antimagic, rElec rPois rC+ MR-}
   (You found it on level 5 of the Pits of Slime)

   It reduces the magical energy of the wielder, and disrupts the spells and
   magical abilities of those hit.
   Natural abilities and divine invocations are not affected.
   It protects you from cold.
   It insulates you from electricity.
   It protects you from poison.
   It affects your resistance to hostile enchantments.
Armour
 a - the +0 hat "Ginoelee" (worn) {rCorr Str+6 Int+2 Stlth-}
   (Okawaru gifted it to you on level 13 of the Dungeon)

   It affects your strength (+6).
   It affects your intelligence (+2).
   It protects you from acid and corrosion.
   It makes you less stealthy.
 f - the +2 pair of boots of Marbles (worn) {-Cast Str+3 SInv}
   (Okawaru gifted it to you in a wizard's laboratory)

   It affects your strength (+3).
   It lets you see invisible.
   It prevents spellcasting.
 l - the +7 plate armour of the Blessed Realm {Regen+ Int+2}
   (Okawaru gifted it to you on level 5 of the Vaults)

   It affects your intelligence (+2).
   It increases your rate of regeneration.
 o - a scarf of resistance
 u - the +0 cloak of Qazlal's Condemnation (worn) {MR++ Int-5 Dex+3 SInv}
   (You acquired it on level 4 of the Depths)

   It affects your intelligence (-5).
   It affects your dexterity (+3).
   It affects your resistance to hostile enchantments.
   It lets you see invisible.
 z - the +2 pair of gloves "Doullula" (worn) {Dex+8}
   (You found it on level 5 of the Pits of Slime)

   It affects your dexterity (+8).
 A - a +2 cloak of poison resistance
 P - the +4 shield of the Forest (worn) {rC- rN+ Str+3}
   (Okawaru gifted it to you on level 4 of the Lair of Beasts)

   It affects your strength (+3).
   It makes you vulnerable to cold.
   It protects you from negative energy.
 T - a +2 pair of boots of running
 W - a +7 crystal plate armour (worn)
 Y - a +0 large shield of protection
Jewellery
 b - an uncursed ring of resist corrosion
 c - a +5 ring of protection (right hand)
 q - an amulet of faith (around neck)
 w - the amulet of Vixosiu {Reflect rF- Int+8 Dex+3 Slay+2 SH+2}
   (You found it on level 2 of the Depths)

   [amulet of reflection]

   It shields you and reflects attacks.
   It affects your intelligence (+8).
   It affects your dexterity (+3).
   It affects your accuracy and damage with ranged weapons and melee attacks
   (+2).
   It makes you vulnerable to fire.
   It affects your SH (+2).
 E - the ring of the Mutiny {rPois rF+ rN+ MP-9 Int+3}
   (You found it in a wizard's laboratory)

   [ring of poison resistance]

   It affects your intelligence (+3).
   It protects you from fire.
   It protects you from poison.
   It protects you from negative energy.
   It affects your magic capacity (-9).
 K - the ring "Goucer" {Fire MR+ Dex+5}
   (You found it on level 1 of the Snake Pit)

   [ring of fire]

   It enhances your fire magic.
   It affects your dexterity (+5).
   It protects you from fire.
   It makes you vulnerable to cold.
   It affects your resistance to hostile enchantments.
 Q - the ring "Pigasapp" (left hand) {rC++ MR+ AC+1 Dex+2}
   (You bought it in a shop on level 1 of the Vaults)

   [ring of protection]

   It affects your AC (+1).
   It affects your dexterity (+2).
   It greatly protects you from cold.
   It affects your resistance to hostile enchantments.
 V - the amulet "Voas" {Reflect Str+3 Int+4 Dex+4 SH+3}
   (You bought it in a shop on level 3 of the Snake Pit)

   [amulet of reflection]

   It shields you and reflects attacks.
   It affects your strength (+3).
   It affects your intelligence (+4).
   It affects your dexterity (+4).
   It affects your SH (+3).
Wands
 C - a wand of enslavement (12/24)
 D - a wand of digging (10/24)
Scrolls
 h - 19 scrolls of teleportation
 j - 3 scrolls of holy word
 k - 8 scrolls of fear
 m - a scroll of amnesia
 p - 9 scrolls of fog
 t - 21 scrolls of remove curse
 B - 9 scrolls of immolation
 G - 12 scrolls of recharging
 H - 3 scrolls of summoning
 L - 14 scrolls of magic mapping
 M - 5 scrolls of silence
 R - 3 scrolls of blinking
Potions
 g - a potion of mutation
 n - 13 potions of agility
 s - 7 potions of cancellation
 v - 11 potions of curing
 x - 4 potions of might
 y - 3 potions of flight
 F - 3 potions of resistance
 I - 6 potions of invisibility
 N - 7 potions of haste
 O - 7 potions of ambrosia
 U - 4 potions of berserk rage
 X - 5 potions of brilliance
Miscellaneous
 Z - a lightning rod (4/4)
Comestibles
 e - a bread ration
 r - a royal jelly
 J - 18 meat rations


   Skills:
 O Level 27 Fighting
 + Level 3.6 Long Blades
 O Level 27 Axes
 - Level 1.2 Throwing
 O Level 27 Armour
 * Level 19.5 Dodging
 - Level 4.5 Stealth
 O Level 27 Shields
 - Level 0.9 Unarmed Combat
 - Level 0.6 Spellcasting
 - Level 11.0 Invocations
 - Level 1.0 Evocations


You had 27 spell levels left.
You didn't know any spells.

Dungeon Overview and Level Annotations

Branches:
Dungeon (15/15)            Temple (1/1) D:5            Lair (6/6) D:8
  Swamp (4/4) Lair:3        Snake (4/4) Lair:2        Slime (5/5) Lair:5
    Orc (2/2) D:9             Elf (3/3) Orc:2        Vaults (5/5) D:13
  Crypt (3/3) Vaults:3       Tomb (0/3) Crypt:3      Depths (5/5) D:15
    Zot (5/5) Depths:5

Altars:
Ashenzari
Cheibriados
Dithmenos
Elyvilon
Fedhas
Gozag
Hepliaklqana
Kikubaaqudgha
Makhleb
Nemelex Xobeh
Okawaru
Qazlal
Ru
Sif Muna
Trog
Uskayaw
Vehumet
Xom
Yredelemnul
Zin
The Shining One
Beogh
Jiyva
Lugonu

Shops:
D:7 (   D:8 *   D:11 *   D:12 =   Orc:2 (=*[   Snake:3 ?*[%=   Vaults:1 [}(=
Vaults:3 :

Portals:
Hell: Depths:1 Depths:2 Depths:3 Depths:4 Depths:5
Abyss: Depths:1 Depths:4
Pandemonium: Depths:2 Depths:3
Ziggurat: Depths:1

Annotations:
D:4 exclusion: statue
D:7 1 transporter


Innate Abilities, Weirdness & Mutations

You reflexively headbutt those who attack you in melee.
You have a pair of horns on your head.
You have sharp toenails.
Your mind is acute. (Int +2)
Your body sometimes deteriorates upon taking damage.
You have an increased reservoir of magic. (+10% MP)


Message History

Your blink will be uncontrolled - continue anyway?
Okay, then.
What are your orders? t - Shout!
Orders for allies: a - Attack new target. r - Retreat! s - Stop attacking. g - Guard the area. f - Follow me.
Anything else - Cancel.
Okay, then.
As you read the scroll of teleportation, it crumbles to dust.
You feel strangely unstable.
You feel the Orb delaying your translocation!
You hear a distant "Zot"!
The orb of fire glows red.
The bolt of fire hits you! You resist.
* * * LOW HITPOINT WARNING * * *
Your body deteriorates!
You feel weakened.
The orb of fire glows bright magenta.
The bolt of fire hits you! You resist.
You die...

,,,,,,,,,,,,,,,,,,,,,*,,,,,,,,,,,
,,,,,,,,,,,,,,,,,,,,,**,,,,,,,,,*
,,,,,,,,,,,,,,,,,,,,,***,,,,,,,**
,,,,,,,,,,,,,,,,,,,,,* *********
,,,,,,,,,,,,,,,,,,,,**
,,,,,,,,,,,,,,,,,,***
,,,,,,,,,,,,,,,****
*,,,,,***▓▓▓▓▓▓▓▓▓▓#
,,,,,,,,,.....X*@..###
,,,,,,,,,......##*...## *
,,,,,,,,,.....,,###...###########
,,,,,,,,,....,,,,*##.............
,,,,,,,,,(..,,,,,* ##............
,,,,,,,,,..,,,,,,* #............
,,,,,,,,,.,,,,,,,* ##...........
,,,,,,,,,,,,,,,,,* #...........
,,,,,,,,,,,,,,,,,* ##...........


You could see 2 orbs of fire and an Orb Guardian.

Vanquished Creatures
  3 orbs of fire
  2 ancient liches
  Mara (Depths:4)
  A juggernaut (Depths:2)
  A greater mummy (Crypt:3)
  The ghost of Edgeworth the Hoplite, a veteran DDFi of Elyvilon (Vaults:5)
  Vashnia (Snake:3)
  the Lernaean hydra (Swamp:3)
  Saint Roka (Orc:2)
  The ghost of homeworkjunkie the Executioner, a veteran HOFi of Okawaru (Vaults:5)
  4 curse toes
  Xtahua (Depths:4)
  A caustic shrike (Depths:2)
  The ghost of Gremour the Gargoyle Blade, a veteran GrFi of Qazlal (Slime:5)
  6 golden dragons
  Jory (Depths:3)
  2 bone dragons (Abyss:3)
  2 electric golems
  Jorgrun (Snake:3)
  8 Orb Guardians (Zot:5)
  15 tentacled monstrosities
  11 liches
  2 Hell Sentinels (Abyss:3)
  3 titans (Vaults:5)
  3 deep elf blademasters
  The ghost of ucho the Executioner, an adept MiBe of Trog (Swamp:2)
  5 quicksilver dragons
  2 deep elf master archers (Elf:3)
  32 acid blobs
  7 death cobs
  9 ancient champions
  7 sphinxes
  An Executioner (Abyss:3)
  7 tentacled starspawn
  7 storm dragons
  8 tengu reavers
  3 draconian monks (Zot:2)
  Roxanne (Snake:2)
  2 thorn hunters
  9 shadow dragons
  2 revenants
  10 nagarajas
  2 daevas (Abyss:3)
  8 azure jellies
  12 fire giants
  4 draconian scorchers
  7 deep elf sorcerers (Elf:3)
  A juggernaut zombie (WizLab)
  20 vault wardens
  An iron dragon (Depths:4)
  Louise (Depths:1)
  12 frost giants
  A ghost moth (Zot:3)
  2 curse skulls
  A caustic shrike zombie (Depths:1)
  3 draconian stormcallers (Zot:2)
  A cacodemon (Depths:3)
  3 draconian knights
  An orc warlord (Depths:1)
  8 draconian shifters
  8 deep elf elementalists
  3 reapers
  2 spriggan defenders
  A ghoul (Crypt:1)
  12 very ugly things
  6 draconian annihilators
  A war gargoyle (Vaults:4)
  14 ironheart preservers
  14 stone giants
  2 entropy weavers (Vaults:4)
  5 deep elf demonologists
  12 black draconians
  18 vampire knights
  8 green draconians
  24 large abominations
  17 yellow draconians
  The ghost of Agrougrou the Carver, a journeyman BaFi of Okawaru (D:14)
  12 white draconians
  13 red draconians
  7 spark wasps
  15 deep elf annihilators
  10 purple draconians
  2 merfolk javelineers (Depths:3)
  13 ettins
  2 crystal guardians (Vaults:4)
  6 eidola
  9 death oozes
  3 mummy priests (WizLab)
  8 jiangshi
  14 great orbs of eyes
  11 fire dragons
  A quicksilver dragon zombie (WizLab)
  9 deep elf death magi
  4 deep elf high priests
  2 merfolk impalers (Depths:2)
  The ghost of Regeox the Cleaver, a journeyman HOBe of Trog (Lair:1)
  5 rakshasas
  A monstrous demonspawn (Depths:3)
  19 naga warriors
  14 yaktaur captains
  7 spriggan air magi
  20 hydras
  34 vault guards
  4 ghost crabs
  12 ice dragons
  7 death knights
  11 centaur warriors
  20 anacondas
  29 dancing weapons
  5 deep troll shamans
  3 tengu warriors (Depths:3)
  5 deep troll earth magi
  7 vampire magi
  39 two-headed ogres
  16 ogre magi
  11 thrashing horrors
  10 spriggan berserkers
  11 alligators
  14 shock serpents
  20 naga sharpshooters
  3 orc high priests
  Urug (Orc:2)
  27 deep elf knights
  4 wretched stars
  6 hell knights
  2 iron trolls
  8 salamander mystics
  2 fire crabs (shapeshifter)
  A sun demon (Depths:2)
  A death drake (Abyss:3)
  30 skeletal warriors
  3 sixfirhies
  A golden dragon zombie (Depths:3)
  A titan skeleton (Crypt:3)
  4 unseen horrors
  A storm dragon skeleton (Vaults:3)
  11 flayed ghosts
  6 shadow wraiths
  A spark wasp zombie (Crypt:2)
  2 anaconda zombies (Crypt:3)
  A sea snake (shapeshifter) (Depths:2)
  2 spatial maelstroms (Abyss:1)
  3 spriggan druids
  2 wizards
  11 deep elf archers
  A deep troll (shapeshifter) (Vaults:5)
  30 deep trolls
  A harpy (shapeshifter) (Abyss:2)
  4 glowing orange brains
  8 swamp dragons
  11 naga ritualists
  14 ironbrand convokers
  5 harpies (Vaults:1)
  25 starcursed masses
  4 shambling mangroves
  11 necromancers
  7 lindwurms
  2 shadow dragon zombies
  2 tengu zombies
  15 phantasmal warriors
  46 ugly things
  22 orc knights
  77 deep elf magi
  A wolf spider zombie (D:14)
  A lindwurm (shapeshifter) (Depths:5)
  A mana viper (shapeshifter) (D:15)
  15 salamanders
  22 mana vipers
  5 orc sorcerers
  6 cyclopes
  2 frost giant zombies
  8 shining eyes
  A shining eye (shapeshifter) (Depths:2)
  8 wolf spiders
  3 stone giant zombies
  An oklob plant (Lair:4)
  A stone giant skeleton (Crypt:3)
  3 fire giant zombies
  2 worldbinders
  4 elephants (Lair:4)
  3 demonspawn zombies (WizLab)
  A manticore (D:15)
  58 black mambas
  An elephant (shapeshifter) (Vaults:5)
  31 naga magi
  A rust devil (Depths:5)
  2 apocalypse crabs (Abyss:3)
  A black mamba (shapeshifter) (Vaults:4)
  A torpor snail (shapeshifter) (Depths:1)
  2 dire elephant zombies
  An elf zombie (Depths:3)
  2 human skeletons
  20 moths of wrath
  A water nymph (shapeshifter) (Depths:2)
  2 fire giant skeletons
  11 guardian serpents
  2 titan simulacra (Abyss:3)
  2 molten gargoyles (Lair:6)
  An orange demon (Abyss:3)
  16 vault sentinels
  8 smoke demons
  16 spiny frogs
  An eye of devastation (Slime:4)
  A dire elephant skeleton (Crypt:3)
  A sea snake zombie (Crypt:1)
  5 centaur skeletons
  2 rime drakes (shapeshifter)
  7 komodo dragons
  61 yaktaurs
  A redback zombie (Crypt:3)
  12 freezing wraiths
  A komodo dragon (shapeshifter) (Vaults:4)
  2 yaktaurs (shapeshifter)
  A tormentor (Abyss:3)
  2 rime drakes
  2 tengu conjurers
  5 hellwings
  A red devil (Depths:3)
  A queen bee (Depths:2)
  9 ancient zymes
  A guardian mummy (WizLab)
  A death yak skeleton (Crypt:2)
  2 jumping spiders (shapeshifter)
  A wind drake (shapeshifter) (Vaults:1)
  A meliai (shapeshifter) (D:15)
  28 hornets
  16 trolls
  Prince Ribbit (D:9)
  174 slime creatures
  13 tyrant leeches
  18 bog bodies
  A jumping spider zombie (Crypt:2)
  A minotaur skeleton (Crypt:3)
  A fire dragon zombie (Crypt:3)
  An ettin zombie (Crypt:2)
  A guardian serpent zombie (Crypt:3)
  19 blink frogs
  An alligator zombie (Crypt:1)
  20 raiju
  3 spriggan zombies (WizLab)
  A blink frog (shapeshifter) (Depths:4)
  An ice dragon zombie (Depths:1)
  19 hippogriffs
  A raiju (shapeshifter) (D:15)
  A hippogriff (shapeshifter) (Depths:2)
  A human simulacrum (Vaults:2)
  A guardian serpent skeleton (Crypt:1)
  5 air elementals
  3 fire giant simulacra
  16 spriggans
  A fire dragon skeleton (Crypt:3)
  10 flying skulls
  8 redbacks
  20 water elementals
  2 shadows
  4 tarantellas (Vaults:4)
  8 wyverns
  A yak (shapeshifter) (Vaults:3)
  A ynoxinul (Abyss:1)
  3 fire elementals
  A fire bat (Abyss:3)
  A steam dragon (Lair:6)
  47 yaks
  8 vampires
  14 wraiths
  2 hogs (shapeshifter)
  A human (shapeshifter) (D:13)
  23 vampire mosquitoes
  8 golden eyes
  2 hungry ghosts
  12 basilisks
  3 chaos spawn
  4 neqoxecs
  2 steam dragons (shapeshifter)
  A spatial vortex (Abyss:1)
  19 swamp worms
  10 wargs
  16 insubstantial wisps
  2 monstrous demonspawn zombies
  An infernal demonspawn zombie (WizLab)
  2 soldier ants
  62 nagas
  2 acid dragons
  A soldier ant (shapeshifter) (D:15)
  7 water moccasins
  2 floating eyes
  4 hell hounds (Lair:6)
  A water moccasin (shapeshifter) (Vaults:5)
  A floating eye (shapeshifter) (D:14)
  3 ice beasts
  9 porcupines
  43 orc warriors
  2 phantoms
  8 sky beasts
  An ice beast (shapeshifter) (Depths:2)
  15 swamp drakes
  2 eyes of draining
  3 black bears
  22 boggarts
  A manticore zombie (Crypt:1)
  60 ogres
  A swamp dragon zombie (Crypt:3)
  13 wolves
  A tengu (shapeshifter) (Abyss:3)
  22 centaurs
  A manticore skeleton (Crypt:3)
  A dream sheep skeleton (Crypt:3)
  An elephant skeleton (Crypt:3)
  20 small abominations
  15 crocodiles
  A blink frog skeleton (Crypt:3)
  A lindwurm skeleton (Crypt:3)
  A crocodile (shapeshifter) (D:15)
  4 big kobolds
  15 bullfrogs
  4 earth elementals
  2 wyvern skeletons
  14 scorpions
  61 killer bees
  A manticore simulacrum (Abyss:3)
  23 wights
  2 howler monkeys
  2 bullfrog zombies
  10 crimson imps
  7 lava snakes
  4 quasits
  9 centaur zombies
  A human zombie (Ossuary)
  5 hounds
  19 orc wizards
  18 orc priests
  An iron imp (Abyss:3)
  12 jellies
  2 bullfrog skeletons
  8 iguanas
  Ijyb (D:3)
  9 hell rats
  6 worker ants
  A demonspawn skeleton (Crypt:2)
  A troll simulacrum (Crypt:2)
  3 big kobold zombies (Ossuary)
  An ogre zombie (Crypt:2)
  An ogre skeleton (Crypt:3)
  5 hound skeletons
  3 mummies (Ossuary)
  2 worker ant zombies
  Robin (D:3)
  A swamp drake zombie (Crypt:1)
  14 adders
  2 scorpion zombies (Ossuary)
  A steam dragon skeleton (Crypt:1)
  A steam dragon zombie (Crypt:1)
  7 shadow imps
  A swamp drake skeleton (Crypt:1)
  A white imp (Abyss:1)
  2 ufetubi (Abyss:3)
  An ooze (D:2)
  3 adder skeletons
  2 adder zombies
  A worm (D:2)
  2 dart slugs
  6 leopard geckos
  91 orcs
  2 ball pythons
  3 giant cockroaches
  16 goblins
  7 hobgoblins
  15 jackals
  18 kobolds
  8 quokkas
  4 bats
  5 frilled lizards
  2 goblin zombies (Ossuary)
  A hobgoblin zombie (Ossuary)
  2 kobold zombies
  A leopard gecko skeleton (D:8)
  4 orc zombies (Ossuary)
  2 quokka skeletons
  10 rats
  4 briar patches (Swamp:3)
  3 crawling corpses (Elf:3)
  5 fungi
  A lurking horror (Abyss:1)
  4 plants
  9 starspawn tentacles
3127 creatures vanquished.

Vanquished Creatures (collateral kills)
  the Royal Jelly (Slime:5)
1 creature vanquished.

Vanquished Creatures (others)
  A fire giant (Vaults:4)
  A draconian stormcaller (Zot:2)
  A vampire knight (Depths:5)
  A rakshasa (Abyss:3)
  A dancing weapon (Elf:1)
  A deep elf knight (Vaults:5)
  A deep elf mage (Vaults:5)
  2 moths of wrath (Zot:5)
  A yaktaur (Vaults:5)
  A bog body (Swamp:2)
  A water elemental (Depths:4)
  A naga (Snake:3)
  A deep troll skeleton (Vaults:5)
  A swamp drake (Swamp:4)
  An orc warrior (Vaults:5)
  An ogre (Vaults:4)
  A ball lightning (Zot:2)
  8 fungi
  A lurking horror (Abyss:3)
  17 plants
  14 starspawn tentacles
  12 toadstools (Lair:4)
70 creatures vanquished.

Grand Total: 3198 creatures vanquished

Notes
Turn   | Place    | Note
-------+----------+-------------------------------------------
     0 | D:1      | Romulous the Minotaur Fighter began the quest for the Orb.
     0 | D:1      | Reached XP level 1. HP: 19/19 MP: 0/0
   123 | D:1      | Reached XP level 2. HP: 27/27 MP: 1/1
   772 | D:2      | Reached XP level 3. HP: 33/33 MP: 2/2
  1524 | D:2      | Reached XP level 4. HP: 40/40 MP: 3/3
  1601 | D:2      | Found a blossoming altar of Fedhas.
  1698 | D:3      | Found a snail-covered altar of Cheibriados.
  1726 | D:3      | Noticed Robin
  1755 | D:3      | Killed Robin
  1761 | D:3      | Reached skill level 1 in Dodging
  1915 | D:3      | Reached XP level 5. HP: 47/47 MP: 4/4
  2258 | D:3      | Found an opulent altar of Gozag.
  2516 | D:3      | Noticed Ijyb
  2522 | D:3      | Killed Ijyb
  2525 | D:3      | Reached skill level 5 in Shields
  2730 | D:4      | Noticed an ogre
  2742 | D:4      | Killed an ogre
  2742 | D:4      | Reached XP level 6. HP: 29/53 MP: 5/5
  2893 | D:4      | Got a crude chain mail
  2904 | D:4      | Identified the +7 chain mail of the Eight Scars {Str+4} (You found it on level 4 of the Dungeon)
  2953 | D:4      | Reached skill level 5 in Axes
  3018 | D:4      | Reached skill level 5 in Armour
  3066 | D:4      | Reached skill level 5 in Fighting
  3342 | D:4      | Found a stormy altar of Qazlal.
  3349 | D:4      | Found a bloodstained altar of Trog.
  3386 | D:4      | Found a radiant altar of Vehumet.
  3583 | D:5      | Entered Level 5 of the Dungeon
  3677 | D:5      | Reached XP level 7. HP: 54/61 MP: 6/6
  4401 | D:5      | Found a staircase to the Ecumenical Temple.
  4409 | Temple   | Entered the Ecumenical Temple
  4472 | Temple   | Became a worshipper of Warmaster Okawaru
  5021 | D:6      | Reached XP level 8. HP: 68/68 MP: 7/7
  5283 | D:6      | Reached * piety under Okawaru
  5957 | D:7      | Noticed a troll
  5964 | D:7      | Killed a troll
  5964 | D:7      | Reached ** piety under Okawaru
  6214 | D:7      | Found a burning altar of Makhleb.
  6216 | D:7      | Noticed a death knight
  6219 | D:7      | Found a transporter.
  6230 | D:7      | Found a transporter.
  6254 | D:7      | Reached XP level 9. HP: 78/78 MP: 8/8
  6397 | D:7      | Found Fodghy's Antique Weapon Shoppe.
  6511 | D:7      | Reached *** piety under Okawaru
  6688 | D:7      | Found a basalt altar of Yredelemnul.
  6972 | D:8      | Reached skill level 10 in Axes
  6972 | D:8      | Reached skill level 1 in Stealth
  7029 | D:8      | Reached **** piety under Okawaru
  7098 | D:8      | Found Laskoh's Assorted Antiques.
  7192 | D:8      | Found a sand-covered staircase.
  7199 | Ossuary  | Entered an ossuary
  7265 | Ossuary  | Reached ***** piety under Okawaru
  7265 | Ossuary  | Reached XP level 10. HP: 86/86 MP: 9/9
  7857 | D:8      | Found a staircase to the Lair.
  7871 | D:8      | Received a gift from Okawaru
  7871 | D:8      | Reached skill level 10 in Shields
  7874 | D:8      | Got a polished hat {god gift}
  7880 | D:8      | Identified the +2 hat of Ynisitz {Regen+ Int+4} (Okawaru gifted it to you on level 8 of the Dungeon)
  8804 | D:9      | Noticed Prince Ribbit
  8808 | D:9      | Killed Prince Ribbit
  8891 | D:9      | Found a staircase to the Orcish Mines.
  8978 | D:9      | Noticed a two-headed ogre
  8982 | D:9      | Killed a two-headed ogre
  8982 | D:9      | Reached XP level 11. HP: 95/95 MP: 10/10
  9309 | D:10     | Entered Level 10 of the Dungeon
  9465 | D:10     | Received a gift from Okawaru
  9522 | D:10     | Noticed a deep elf mage
  9531 | D:10     | Killed a deep elf mage
  9531 | D:10     | Reached ****** piety under Okawaru
  9688 | D:10     | Noticed a two-headed ogre
  9694 | D:10     | Killed a two-headed ogre
 10086 | D:10     | Killed an unseen horror
 10742 | D:11     | Killed an unseen horror
 11232 | D:11     | Found Extot's Assorted Antiques.
 11563 | D:11     | Noticed a green ugly thing
 11573 | D:11     | Killed a green ugly thing
 11573 | D:11     | Received a gift from Okawaru
 11623 | D:12     | Reached XP level 12. HP: 105/105 MP: 11/11
 11732 | D:12     | Found Yneumm's Jewellery Shoppe.
 11936 | D:12     | Reached skill level 15 in Axes
 12375 | D:13     | Noticed a two-headed ogre
 12380 | D:13     | Killed a two-headed ogre
 12380 | D:13     | Reached skill level 10 in Armour
 12584 | D:13     | Noticed a centaur warrior
 12592 | D:13     | Killed a centaur warrior
 12592 | D:13     | Reached skill level 10 in Fighting
 12676 | D:13     | Noticed a two-headed ogre
 12682 | D:13     | Received a gift from Okawaru
 13191 | D:13     | Killed a two-headed ogre
 13368 | D:13     | Got a smoking hat {god gift}
 13369 | D:13     | Identified the +0 hat "Ginoelee" {rCorr Str+6 Int+2 Stlth-} (Okawaru gifted it to you on level 13 of the Dungeon)
 13441 | D:13     | Found a gate to the Vaults.
 13442 | D:13     | Noticed a seven-headed hydra
 13447 | D:13     | Killed a ten-headed hydra
 13453 | D:13     | Identified the +1 chain mail of Ymmuh {+Blink rF+ MR++} (You found it on level 13 of the Dungeon)
 14220 | D:14     | Noticed Agrougrou's ghost (journeyman BaFi)
 14271 | D:14     | Killed Agrougrou's ghost
 14559 | D:14     | Received a gift from Okawaru
 14559 | D:14     | Reached XP level 13. HP: 115/115 MP: 12/12
 14651 | D:14     | Found a stormy altar of Qazlal.
 15092 | D:15     | Entered Level 15 of the Dungeon
 15911 | D:14     | Received a gift from Okawaru
 16788 | D:15     | Found a staircase to the Depths.
 17415 | D:15     | Received a gift from Okawaru
 17868 | D:8      | Bought a scroll of identify for 48 gold pieces
 17904 | Lair:1   | Entered Level 1 of the Lair of Beasts
 17913 | Lair:1   | Reached XP level 14. HP: 126/126 MP: 13/13
 17951 | Lair:1   | Noticed Regeox's ghost (journeyman HOBe)
 18050 | Lair:1   | Killed Regeox's ghost
 18050 | Lair:1   | Reached skill level 15 in Shields
 18872 | Lair:2   | Found a staircase to the Snake Pit.
 20193 | Lair:3   | Found a staircase to the Swamp.
 20674 | Lair:4   | Found a runed door.
 20697 | Lair:4   | Received a gift from Okawaru
 20704 | Lair:4   | Got a scorched shield {god gift}
 20715 | Lair:4   | Identified the +4 shield of the Forest {rC- rN+ Str+3} (Okawaru gifted it to you on level 4 of the Lair of Beasts)
 20759 | Lair:4   | Got a slimy great sword
 20765 | Lair:4   | Identified the +2 great sword of the Battered Queens {protect, rC+ rN+} (You found it on level 4 of the Lair of Beasts)
 21483 | Lair:5   | Found a viscous altar of Jiyva.
 21484 | Lair:5   | Found a staircase to the Slime Pits.
 22117 | Snake:1  | Entered Level 1 of the Snake Pit
 22259 | Snake:1  | Got a sparkling silver ring
 22261 | Snake:1  | Identified the ring "Goucer" {Fire MR+ Dex+5} (You found it on level 1 of the Snake Pit)
 23327 | Snake:1  | Reached skill level 5 in Dodging
 23464 | Snake:1  | Received a gift from Okawaru
 23700 | Snake:1  | Reached XP level 15. HP: 121/136 MP: 14/14
 25164 | Snake:2  | Received a gift from Okawaru
 25826 | Snake:2  | Noticed Roxanne
 26542 | Snake:1  | Received a gift from Okawaru
 27110 | Snake:2  | Killed Roxanne
 27111 | Snake:2  | Identified Roxanne's Disquisition on Transmutation (You took it off Roxanne on level 2 of the Snake Pit)
 27353 | Snake:3  | Received a gift from Okawaru
 27365 | Snake:3  | Got a bloodstained broad axe {god gift}
 27442 | Snake:2  | Identified the +10 broad axe of Rewoy {chop, Int+3} (Okawaru gifted it to you on level 3 of the Snake Pit)
 27549 | Snake:3  | Noticed a nagaraja
 27550 | Snake:3  | Noticed a nagaraja
 27573 | Snake:3  | Killed a nagaraja
 27581 | Snake:3  | Killed a nagaraja
 27844 | Snake:3  | Found Vapif's Assorted Antiques.
 27847 | Snake:3  | Found Onied's Food Shop.
 27847 | Snake:3  | Found Funela's Armour Boutique.
 27862 | Snake:3  | Noticed a nagaraja
 27871 | Snake:3  | Killed a nagaraja
 28060 | Snake:3  | Found Qibaesa's Jewellery Shop.
 28124 | Snake:3  | Bought a scroll of identify for 62 gold pieces
 28137 | Snake:3  | Bought the amulet "Voas" {Reflect Str+3 Int+4 Dex+4 SH+3} for 824 gold pieces
 28182 | Snake:3  | Noticed Vashnia
 28198 | Snake:3  | Received a gift from Okawaru
 28215 | Snake:3  | Reached XP level 16. HP: 84/147 MP: 15/15
 28257 | Snake:3  | Killed Vashnia
 28569 | Snake:3  | Got a scorched chain mail {god gift}
 28580 | Snake:3  | Identified the +0 chain mail "Nadym" {+Inv rElec rN++ Str-2} (Okawaru gifted it to you on level 3 of the Snake Pit)
 28638 | Snake:3  | Noticed Jorgrun
 28646 | Snake:3  | Killed Jorgrun
 28942 | Snake:3  | Reached skill level 15 in Fighting
 29138 | Snake:3  | Found Joerenam's Magic Scroll Shop.
 29146 | Snake:3  | Bought a scroll of blinking for 112 gold pieces
 29146 | Snake:3  | Bought a scroll of identify for 30 gold pieces
 29146 | Snake:3  | Bought a scroll of teleportation for 45 gold pieces
 29524 | Snake:4  | Entered Level 4 of the Snake Pit
 29574 | Snake:4  | Received a gift from Okawaru
 30272 | Snake:4  | Reached skill level 15 in Armour
 30560 | Snake:4  | Received a gift from Okawaru
 31236 | Snake:4  | Reached XP level 17. HP: 107/158 MP: 16/16
 31246 | Snake:4  | Received a gift from Okawaru
 31250 | Snake:4  | Got a brightly glowing hat {god gift}
 31538 | Snake:4  | Identified the +1 hat of Veiluk {Int+2} (Okawaru gifted it to you on level 4 of the Snake Pit)
 32372 | Snake:4  | Got a serpentine rune of Zot
 32850 | Snake:4  | Received a gift from Okawaru
 34482 | Orc:1    | Entered Level 1 of the Orcish Mines
 34848 | Orc:2    | Entered Level 2 of the Orcish Mines
 35038 | Orc:2    | Received a gift from Okawaru
 35107 | Orc:2    | Reached skill level 1 in Invocations
 35109 | Orc:2    | Found a roughly hewn altar of Beogh.
 35112 | Orc:2    | Noticed Urug
 35139 | Orc:2    | Killed Urug
 35170 | Orc:2    | Noticed Saint Roka
 35377 | Orc:2    | Killed Saint Roka
 35377 | Orc:2    | Received a gift from Okawaru
 35651 | Orc:2    | Found Muetacw's Antique Weapon Shop.
 35674 | Orc:2    | Found Huoqan's General Store.
 35684 | Orc:2    | Found a staircase to the Elven Halls.
 35687 | Orc:2    | Reached XP level 18. HP: 170/170 MP: 18/18
 35785 | Orc:2    | Found Zef Xitihiq's Antique Armour Shop.
 35809 | Orc:2    | Found Plog's Jewellery Shop.
 35848 | Orc:2    | Bought a scroll of identify for 26 gold pieces
 36184 | Orc:2    | Bought a pair of distressingly furry boots for 256 gold pieces
 36194 | Orc:2    | Identified the +1 pair of boots of Agnosticism {Int+4} (You bought it in a shop on level 2 of the Orcish Mines)
 36526 | Lair:6   | Entered Level 6 of the Lair of Beasts
 36990 | Lair:6   | Found a large runed door.
 36991 | Lair:6   | Found a large runed door.
 37816 | Swamp:1  | Entered Level 1 of the Swamp
 38390 | Swamp:1  | Received a gift from Okawaru
 38445 | Swamp:1  | Got an ebony battleaxe {god gift}
 38451 | Swamp:1  | Identified the +1 battleaxe of Xunul {flame, rN+} (Okawaru gifted it to you on level 1 of the Swamp)
 38717 | Swamp:2  | Noticed ucho's ghost (adept MiBe)
 38746 | Swamp:2  | Killed ucho's ghost
 39080 | Swamp:2  | Found a hide-covered altar of Uskayaw.
 39111 | Swamp:2  | Received a gift from Okawaru
 40293 | Swamp:3  | Reached skill level 5 in Invocations
 40708 | Swamp:3  | Received a gift from Okawaru
 41248 | Swamp:4  | Entered Level 4 of the Swamp
 41910 | Swamp:3  | Reached XP level 19. HP: 128/179 MP: 22/22
 41969 | Swamp:3  | Received a gift from Okawaru
 42086 | Swamp:4  | Noticed the 27-headed Lernaean hydra
 42100 | Swamp:3  | Killed the 27-headed Lernaean hydra
 42989 | Swamp:4  | Got a decaying rune of Zot
 43747 | Elf:1    | Entered Level 1 of the Elven Halls
 43752 | Elf:1    | Received a gift from Okawaru
 44787 | Elf:1    | Received a gift from Okawaru
 45883 | Elf:2    | Found a runed gate.
 45883 | Elf:2    | Found a runed gate.
 45883 | Elf:2    | Found a runed gate.
 45935 | Elf:2    | Received a gift from Okawaru
 46098 | Elf:2    | Reached XP level 20. HP: 181/191 MP: 25/25
 46442 | Elf:3    | Entered Level 3 of the Elven Halls
 47666 | Elf:3    | Received a gift from Okawaru
 47669 | Elf:3    | Got a shimmering battleaxe {god gift}
 48299 | Elf:3    | Got a transparent platinum ring
 48439 | Elf:3    | Identified the cursed ring "Qiebaor" {MP+9 Dex-2} (You took it off a deep elf annihilator on level 3 of the Elven Halls)
 48646 | Elf:3    | Got a faintly glowing glass ring
 48648 | Elf:3    | Identified the ring of Yhyuro {Fire rElec MP+9} (You took it off a deep elf sorcerer on level 3 of the Elven Halls)
 49144 | Elf:3    | Identified the +1 battleaxe "Kofishez" {chop, rC+ Dex+3} (Okawaru gifted it to you on level 3 of the Elven Halls)
 49188 | Elf:1    | Received a gift from Okawaru
 49688 | Vaults:1 | Entered Level 1 of the Vaults
 49694 | Vaults:1 | Found Deklenik's Gadget Shop.
 49696 | Vaults:1 | Found Doezairr's Armour Emporium.
 49723 | Vaults:1 | Found Fyeryfan's Antique Weapon Shoppe.
 49750 | Vaults:1 | Found Duvafyos's Jewellery Shoppe.
 49783 | Vaults:1 | Bought the ring "Pigasapp" {rC++ MR+ AC+1 Dex+2} for 634 gold pieces
 49851 | Vaults:1 | Found a magical portal.
 49857 | WizLab   | Entered Doroklohe's Tomb
 50156 | WizLab   | Noticed an ancient lich
 50169 | WizLab   | Killed an ancient lich
 50169 | WizLab   | Received a gift from Okawaru
 50169 | WizLab   | Reached skill level 10 in Invocations
 50543 | WizLab   | Got a pair of polished boots {god gift}
 50554 | WizLab   | Identified the +2 pair of boots of Marbles {-Cast Str+3 SInv} (Okawaru gifted it to you in a wizard's laboratory)
 50715 | WizLab   | Got a fine jade ring
 50717 | WizLab   | Identified the ring of the Mutiny {rPois rF+ rN+ MP-9 Int+3} (You found it in a wizard's laboratory)
 51257 | Vaults:1 | Reached XP level 21. HP: 193/201 MP: 27/27
 52603 | Vaults:2 | Found a shattered altar of Ashenzari.
 52758 | Vaults:2 | Received a gift from Okawaru
 52810 | Vaults:2 | Received a gift from Okawaru
 53733 | Vaults:3 | Found a staircase to the Crypt.
 53733 | Vaults:3 | Found an ancient bone altar of Kikubaaqudgha.
 53734 | Vaults:3 | Found a basalt altar of Yredelemnul.
 53844 | Vaults:3 | Received a gift from Okawaru
 53861 | Vaults:3 | Got a bone great mace {god gift}
 53867 | Vaults:3 | Identified the +3 great mace "Gorerika" {freeze, *Noise +Blink rPois rN+} (Okawaru gifted it to you on level 3 of the Vaults)
 54017 | Vaults:3 | Found Wiypsuimid's Book Shoppe.
 54226 | Vaults:3 | Identified a scroll of acquirement
 54505 | Vaults:3 | Received a gift from Okawaru
 55013 | Vaults:4 | Reached XP level 22. HP: 214/214 MP: 29/29
 56159 | Vaults:5 | Entered Level 5 of the Vaults
 56229 | Vaults:5 | Received a gift from Okawaru
 56639 | Vaults:5 | Noticed Edgeworth's ghost (veteran DDFi)
 57289 | Vaults:5 | Received a gift from Okawaru
 57472 | Vaults:5 | Killed Edgeworth's ghost
 57986 | Vaults:5 | Noticed homeworkjunkie's ghost (veteran HOFi)
 58019 | Vaults:5 | Killed homeworkjunkie's ghost
 58019 | Vaults:5 | Received a gift from Okawaru
 58049 | Vaults:5 | Reached XP level 23. HP: 157/227 MP: 30/30
 58457 | Vaults:5 | Got a pair of faintly humming gloves
 58468 | Vaults:5 | Identified the +0 pair of gloves "Haruod" {-Tele Dex+8} (You acquired it on level 5 of the Vaults)
 58514 | Vaults:5 | Received a gift from Okawaru
 58534 | Vaults:5 | Got a spiked plate armour {god gift}
 58567 | Vaults:5 | Got a silver rune of Zot
 59161 | Vaults:5 | Identified the Papyrus of the Rocks
 59532 | Vaults:5 | Identified the +7 plate armour of the Blessed Realm {Regen+ Int+2} (Okawaru gifted it to you on level 5 of the Vaults)
 59599 | Vaults:5 | Got a warped brass ring
 59601 | Vaults:5 | Identified the cursed ring "Debeo" {rElec AC-2} (You took it off an ironbrand convoker on level 5 of the Vaults)
 59639 | Vaults:5 | Identified the Reference Book on Shifting Malediction
 60200 | Depths:1 | Entered Level 1 of the Depths
 60369 | Depths:1 | Received a gift from Okawaru
 60392 | Depths:1 | Got an ancient broad axe {god gift}
 60401 | Depths:1 | Identified the +5 broad axe "Jellybane" {freeze, Int+8 Dex-2} (Okawaru gifted it to you on level 1 of the Depths)
 60417 | Depths:1 | Found a gateway to Hell.
 60446 | Depths:1 | Noticed Louise
 60463 | Depths:1 | Killed Louise
 60477 | Depths:1 | Found a one-way gate to the infinite horrors of the Abyss.
 60546 | Depths:1 | Found a gateway to a ziggurat.
 60809 | Depths:1 | Found a runed door.
 60846 | Depths:1 | Received a gift from Okawaru
 60908 | Depths:1 | Found a roughly hewn altar of Beogh.
 62182 | Depths:2 | Noticed a juggernaut
 62192 | Depths:2 | Killed a juggernaut
 62192 | Depths:2 | Reached skill level 27 in Shields
 62192 | Depths:2 | Reached XP level 24. HP: 221/242 MP: 30/30
 62809 | Depths:2 | Received a gift from Okawaru
 63088 | Depths:2 | Found a runed door.
 63624 | Depths:2 | Paralysed by a floating eye for 3 turns
 63662 | Depths:2 | Received a gift from Okawaru
 64292 | Depths:2 | Found a one-way gate leading to the halls of Pandemonium.
 64312 | Depths:2 | Got a heavily runed zirconium amulet
 65505 | Depths:3 | Noticed Jory
 65530 | Depths:3 | Killed Jory
 65776 | Depths:3 | Identified the amulet of Vixosiu {Reflect rF- Int+8 Dex+3 Slay+2 SH+2} (You found it on level 2 of the Depths)
 65951 | Depths:3 | Identified a +2 pair of boots of running (You found it on level 3 of the Depths)
 66198 | Depths:3 | Received a gift from Okawaru
 66356 | Depths:4 | Noticed Mara
 66367 | Depths:4 | Killed Mara
 66564 | Depths:4 | Reached XP level 25. HP: 255/255 MP: 30/30
 66779 | Depths:4 | Reached skill level 27 in Fighting
 66800 | Depths:4 | Got a heavily runed cloak
 66811 | Depths:4 | Identified the +0 cloak of Qazlal's Condemnation {MR++ Int-5 Dex+3 SInv} (You acquired it on level 4 of the Depths)
 67125 | Depths:4 | Noticed Xtahua
 67691 | Depths:4 | Killed Xtahua
 67691 | Depths:4 | Received a gift from Okawaru
 68595 | Depths:4 | Found a corrupted altar of Lugonu.
 68810 | Depths:5 | Entered Level 5 of the Depths
 68811 | Depths:5 | Found a bloodstained altar of Trog.
 69682 | Depths:5 | Found a gate to the Realm of Zot.
 69775 | Depths:5 | Received a gift from Okawaru
 71146 | Crypt:1  | Entered Level 1 of the Crypt
 71981 | Crypt:1  | Received a gift from Okawaru
 72288 | Crypt:1  | Identified the Catalogue of Stolen Souls
 72746 | Crypt:2  | Reached XP level 26. HP: 266/266 MP: 30/30
 73705 | Crypt:3  | Entered Level 3 of the Crypt
 73731 | Crypt:3  | Received a gift from Okawaru
 74203 | Crypt:3  | Noticed a greater mummy
 74216 | Crypt:3  | Killed a greater mummy
 74867 | Crypt:3  | Reached skill level 27 in Armour
 75144 | Crypt:3  | Found a staircase to the Tomb.
 75236 | Crypt:3  | Reached skill level 1 in Throwing
 75236 | Crypt:3  | Reached skill level 1 in Evocations
 75286 | Crypt:3  | Found an ancient bone altar of Kikubaaqudgha.
 75289 | Crypt:3  | Found a basalt altar of Yredelemnul.
 75307 | Crypt:3  | Identified the Disquisition on Shifting Conjuration
 75536 | Crypt:1  | Identified the +7 hand axe of the Inquisitive Coins {holy, rF++ Str+3} (Okawaru gifted it to you on level 1 of the Crypt)
 75900 | D:11     | Bought a potion of curing for 84 gold pieces
 75900 | D:11     | Bought a scroll of acquirement for 1456 gold pieces
 75903 | D:11     | Identified the +3 hat of Imiamp {Slay+3} (You acquired it on level 11 of the Dungeon)
 76061 | D:8      | Bought a scroll of fog for 48 gold pieces
 76172 | Slime:1  | Entered Level 1 of the Pits of Slime
 76190 | Lair:5   | Received a gift from Okawaru
 76235 | Slime:1  | Gained mutation: You are weak. (Str -2) [a shining eye]
 76236 | Slime:1  | Gained mutation: You are clumsy. (Dex -2) [a shining eye]
 76403 | Slime:2  | Gained mutation: Scrolls take you a little longer to read. [a shining eye]
 77065 | Slime:3  | Found a viscous altar of Jiyva.
 77803 | Slime:4  | Gained mutation: You are very weak. (Str -4) [a shining eye]
 77821 | Slime:4  | Gained mutation: Scrolls take you longer to read. [a shining eye]
 78528 | Slime:5  | Entered Level 5 of the Pits of Slime
 78534 | Slime:5  | Noticed Gremour's ghost (veteran GrFi)
 78577 | Slime:5  | Killed Gremour's ghost
 78586 | Slime:5  | Reached XP level 27. HP: 177/273 MP: 21/30
 78776 | Slime:5  | Noticed the Royal Jelly
 78776 | Slime:5  | Received a gift from Okawaru
 78813 | Slime:5  | Killed the Royal Jelly
 79243 | Slime:5  | Gained mutation: You are frail. (-10% HP) [a shining eye]
 79634 | Slime:5  | Got a slimy rune of Zot
 79700 | Slime:5  | Identified the +11 battleaxe of Kuifod {antimagic, rElec rPois rC+ MR-} (You found it on level 5 of the Pits of Slime)
 79705 | Slime:5  | Identified the +2 pair of gloves "Doullula" {Dex+8} (You found it on level 5 of the Pits of Slime)
 79741 | Slime:5  | Identified the +8 flail of the Vaults {venom, *Corrode +Blink rN++ SInv} (You found it on level 5 of the Pits of Slime)
 79913 | Slime:2  | Gained mutation: Your magical capacity is low. (-10% MP) [a shining eye]
 79934 | Lair:5   | Lost mutation: You are clumsy. (Dex -2) [potion of mutation]
 79934 | Lair:5   | Lost mutation: You are frail. (-10% HP) [potion of mutation]
 79934 | Lair:5   | Lost mutation: Scrolls take you longer to read. [potion of mutation]
 79934 | Lair:5   | Gained mutation: You are occasionally teleported next to monsters. [potion of mutation]
 79934 | Lair:5   | Gained mutation: Your mind is acute. (Int +2) [potion of mutation]
 79934 | Lair:5   | Lost mutation: You are very weak. (Str -4) [potion of mutation]
 79934 | Lair:5   | Gained mutation: You are robust. (+10% HP) [potion of mutation]
 79935 | Lair:5   | Lost mutation: You are robust. (+10% HP) [potion of mutation]
 79935 | Lair:5   | Lost mutation: Scrolls take you a little longer to read. [potion of mutation]
 79935 | Lair:5   | Lost mutation: Your magical capacity is low. (-10% MP) [potion of mutation]
 79935 | Lair:5   | Lost mutation: Your mind is acute. (Int +2) [potion of mutation]
 79935 | Lair:5   | Lost mutation: You are weak. (Str -2) [potion of mutation]
 79935 | Lair:5   | Gained mutation: Your body sometimes deteriorates upon taking damage. [potion of mutation]
 79935 | Lair:5   | Gained mutation: You can translocate small distances at will. [potion of mutation]
 80010 | Lair:5   | Lost mutation: Your body sometimes deteriorates upon taking damage. [potion of mutation]
 80010 | Lair:5   | Lost mutation: You can translocate small distances at will. [potion of mutation]
 80010 | Lair:5   | Lost mutation: You are occasionally teleported next to monsters. [potion of mutation]
 80010 | Lair:5   | Gained mutation: Your spells are a little harder to cast, but a little more powerful. [potion of mutation]
 80010 | Lair:5   | Gained mutation: Your flesh is cold resistant. (rC+) [potion of mutation]
 80010 | Lair:5   | Gained mutation: You are occasionally teleported next to monsters. [potion of mutation]
 80010 | Lair:5   | Gained mutation: You are partially covered in iridescent scales. (AC +2) [potion of mutation]
 80011 | Lair:5   | Lost mutation: You are partially covered in iridescent scales. (AC +2) [potion of mutation]
 80011 | Lair:5   | Lost mutation: Your flesh is cold resistant. (rC+) [potion of mutation]
 80011 | Lair:5   | Lost mutation: Your spells are a little harder to cast, but a little more powerful. [potion of mutation]
 80011 | Lair:5   | Gained mutation: You are covered in fur. (AC +1) [potion of mutation]
 80011 | Lair:5   | Gained mutation: You are dopey. (Int -2) [potion of mutation]
 80011 | Lair:5   | Gained mutation: You are partially covered in thin metallic scales. (AC +2) [potion of mutation]
 80012 | Lair:5   | Lost mutation: You are partially covered in thin metallic scales. (AC +2) [potion of mutation]
 80012 | Lair:5   | Lost mutation: You are dopey. (Int -2) [potion of mutation]
 80012 | Lair:5   | Lost mutation: You are occasionally teleported next to monsters. [potion of mutation]
 80012 | Lair:5   | Gained mutation: You tend to lose your temper in combat. [potion of mutation]
 80012 | Lair:5   | Lost mutation: You tend to lose your temper in combat. [potion of mutation]
 80506 | Depths:1 | Voluntarily entered the Abyss.
 80617 | Abyss:1  | Received a gift from Okawaru
 80725 | Abyss:1  | Found a snail-covered altar of Cheibriados.
 80772 | Abyss:1  | Paralysed by accursed screaming for 1 turns
 81158 | Abyss:1  | Gained mutation: You have an increased reservoir of magic. (+10% MP) [a neqoxec]
 81160 | Abyss:1  | Gained mutation: You are occasionally teleported next to monsters. [a neqoxec]
 81163 | Abyss:1  | Gained mutation: Armour fits poorly on your strangely shaped body. [a neqoxec]
 81354 | Abyss:1  | Received a gift from Okawaru
 81431 | Abyss:1  | Reached skill level 10 in Dodging
 82224 | Abyss:3  | Gained mutation: You are dopey. (Int -2) [a neqoxec]
 82652 | Abyss:3  | Lost mutation: You are dopey. (Int -2) [potion of mutation]
 82652 | Abyss:3  | Lost mutation: Armour fits poorly on your strangely shaped body. [potion of mutation]
 82652 | Abyss:3  | Lost mutation: You are covered in fur. (AC +1) [potion of mutation]
 82652 | Abyss:3  | Lost mutation: You are occasionally teleported next to monsters. [potion of mutation]
 82652 | Abyss:3  | Gained mutation: You have sharp toenails. [potion of mutation]
 82652 | Abyss:3  | Gained mutation: Your mind is acute. (Int +2) [potion of mutation]
 82863 | Abyss:3  | Received a gift from Okawaru
 83562 | Depths:1 | Escaped the Abyss
 83746 | Zot:1    | Entered Level 1 of the Realm of Zot
 84723 | Zot:2    | Received a gift from Okawaru
 84975 | Zot:2    | Identified the +4 plate armour "Wanner" {Str+2} (You found it on level 2 of the Realm of Zot)
 85171 | Zot:2    | Reached skill level 27 in Axes
 85426 | Zot:2    | Identified the +2 plate armour "Quotyw Huno" {Str+3} (You found it on level 2 of the Realm of Zot)
 85672 | Zot:2    | Reached skill level 1 in Long Blades
 85750 | Zot:2    | Received a gift from Okawaru
 86649 | Zot:3    | Reached skill level 15 in Dodging
 87334 | Zot:3    | Noticed an orb of fire
 87347 | Zot:3    | Killed an orb of fire
 87408 | Zot:3    | Noticed an orb of fire
 87419 | Zot:3    | Killed an orb of fire
 88789 | Zot:4    | Received a gift from Okawaru
 89034 | Zot:4    | Noticed an orb of fire
 89038 | Zot:4    | Gained mutation: Your body sometimes deteriorates upon taking damage. [an orb of fire]
 89051 | Zot:4    | Killed an orb of fire
 89364 | Zot:5    | Entered Level 5 of the Realm of Zot
 90048 | Zot:5    | Noticed an ancient lich
 90052 | Zot:5    | Noticed an orb of fire
 90056 | Zot:5    | Noticed an orb of fire
 90065 | Zot:5    | Killed an ancient lich
 90072 | Zot:5    | Killed from afar by an orb of fire

Skill      XL: |  1  2  3  4  5  6  7  8  9 10 11 12 13 14 15 16 17 18 19 20 21 22 23 24 25 26 27 |
---------------+----------------------------------------------------------------------------------+-----
Shields        | 4 5 6 7 9 10 12 13 14 16 17 19 20 21 22 23 24 25 27 | 27.0
Fighting       | 4 5 6 7 8 9 10 12 13 14 16 17 18 19 20 22 23 25 26 27 | 27.0
Armour         | 4 5 6 7 8 9 11 12 13 14 15 16 17 18 19 21 25 27 | 27.0
Axes           | 3 4 6 7 9 11 13 14 16 17 18 19 20 21 22 27 | 27.0
Dodging        | 1 2 3 4 5 6 8 19 | 19.5
Stealth        | 1 2 3 4 |  4.5
Invocations    | 2 6 8 10 11 | 11.0
Throwing       | 1 |  1.2
Evocations     | 1 |  1.0
Long Blades    | 3 |  3.6
Unarmed Combat | |  0.9
Spellcasting   | |  0.6

Action                   |  1- 3 |  4- 6 |  7- 9 | 10-12 | 13-15 | 16-18 | 19-21 | 22-24 | 25-27 || total
-------------------------+-------+-------+-------+-------+-------+-------+-------+-------+-------++-------
Melee: War axe           |    79 |   139 |   275 |   653 |   801 |       |       |       |       ||  1947
       Headbutt          |    15 |    26 |    78 |   166 |   277 |   329 |   382 |   382 |   793 ||  2448
       Broad axe         |       |       |       |       |    74 |  1206 |  1247 |  1254 |  2299 ||  6080
Invok: Finesse           |       |       |       |       |       |       |     1 |     2 |     3 ||     6
 Abil: Blink             |       |       |       |       |       |       |       |       |     1 ||     1
  Use: Scroll            |       |     1 |     3 |    10 |    16 |    11 |    16 |    11 |    27 ||    95
       Potion            |       |       |     1 |     1 |     2 |     2 |    11 |     3 |    14 ||    34
 Stab: Confused          |       |       |       |       |       |     1 |       |       |       ||     1
       Distracted        |       |       |       |       |       |       |     1 |     2 |     1 ||     4
       Invisible         |       |       |       |       |       |       |       |       |     1 ||     1
  Eat: Chunk             |     2 |     3 |     8 |    13 |    10 |     5 |    10 |     5 |    10 ||    66
       Royal jelly       |       |     2 |     2 |     2 |     3 |     1 |     2 |     3 |     4 ||    19
       Fruit             |       |       |       |     1 |     9 |       |       |       |       ||    10
       Bread ration      |       |       |       |     2 |     4 |     8 |     6 |     6 |     2 ||    28
       Meat ration       |       |       |       |       |     1 |       |       |       |    10 ||    11
Armor: Scale mail        |    24 |       |       |       |       |       |       |       |       ||    24
       Plate armour      |    18 |    46 |       |       |       |       |       |       |       ||    64
       Chain mail        |       |    28 |   122 |   227 |   264 |    90 |       |       |       ||   731
       Crystal plate arm |       |       |       |       |       |   349 |   421 |   442 |   680 ||  1892
Dodge: Dodged            |    21 |    27 |    77 |   128 |   208 |   270 |   203 |   239 |   531 ||  1704
Block: Shield            |    37 |    89 |   170 |   364 |   680 |  1011 |   872 |  1176 |  1762 ||  6161
